 Dungeon Crawl Stone Soup version 0.21.1-1-g345015f (webtiles) character file.

201 tidbits the Charmwright (level 5, 43/43 HPs)
             Began as a Gnoll Skald on June 20, 2018.
             Quit the game in the Ecumenical Temple.
             The game lasted 00:06:53 (863 turns).

tidbits the Charmwright (Gnoll Skald)                Turns: 863, Time: 00:06:53

Health: 43/43      AC:  5    Str: 13    XL:     5   Next: 79%
Magic:  12/12      EV: 14    Int: 16    God:
Gold:   136        SH:  0    Dex: 15    Spells: 3/14 levels left

rFire    . . .     SeeInvis .   a - +0 hand axe
rCold    . . .     Gourm    .   (no shield)
rNeg     . . .     Faith    .   b - +0 leather armour
rPois    .         Spirit   .   (no helmet)
rElec    .         Reflect  .   (no cloak)
rCorr    .         Harm     .   G - +1 pair of gloves
MR       .....                  (no boots)
Stlth    ++........             (no amulet)
HPRegen  0.14/turn              (no ring)
MPRegen  0.13/turn              (no ring)

@: no status effects
A: distributed training, fangs 1, strong nose
a: no special abilities


You were in the Ecumenical Temple.
You were hungry.

You visited 2 branches of the dungeon, and saw 7 of its levels.

You collected 136 gold pieces.

Inventory:

Hand Weapons
 a - a +0 hand axe (weapon)
 f - a +1 dagger of draining
   (You found it on level 1 of the Dungeon)
 k - a +0 trident
 l - a +0 blowgun
 p - a +0 trident
Missiles
 h - 17 sling bullets
 n - 13 tomahawks (quivered)
Armour
 b - a +0 leather armour (worn)
 m - a cursed -2 ring mail
 G - a +1 pair of gloves (worn)
Scrolls
 e - 3 scrolls of identify {unknown}
 g - a scroll of teleportation {unknown}
 i - 2 scrolls of random uselessness {unknown}
 j - a scroll of enchant weapon {unknown}
Potions
 o - a potion of brilliance
 q - a potion of degeneration {unknown}
 r - 2 potions of curing {unknown}
 s - a potion of agility {unknown}
Books
 c - a book of Battle

   Spells                             Type                      Level
   a - Infusion                       Charms                       1
   b - Shroud of Golubria             Charms/Translocation         2
   c - Song of Slaying                Charms                       2
   d - Spectral Weapon                Hexes/Charms                 3
   e - Regeneration                   Charms/Necromancy            3
 t - a book of Maledictions
   (You found it on level 3 of the Dungeon)

   Spells                             Type                      Level
   a - Corona                         Hexes                        1
   b - Ensorcelled Hibernation        Hexes/Ice                    2
   c - Confuse                        Hexes                        3
   d - Tukima's Dance                 Hexes                        3
   e - Dazzling Spray                 Conjuration/Hexes            3
Comestibles
 d - 9 rations


   Skills:
 + Level 4.8 Fighting
 + Level 1.6 Short Blades
 + Level 1.6 Long Blades
 + Level 4.8 Axes
 + Level 1.6 Maces & Flails
 + Level 1.6 Polearms
 + Level 1.6 Staves
 + Level 1.6 Slings
 + Level 1.6 Bows
 + Level 1.6 Crossbows
 + Level 1.6 Throwing
 + Level 3.0 Armour
 + Level 4.8 Dodging
 + Level 1.6 Stealth
 + Level 1.6 Shields
 + Level 1.6 Unarmed Combat
 + Level 5.2 Spellcasting
 + Level 1.2 Conjurations
 + Level 1.2 Hexes
 + Level 5.5 Charms
 + Level 1.2 Summonings
 + Level 1.2 Necromancy
 + Level 1.2 Translocations
 + Level 1.2 Transmutations
 + Level 1.2 Fire Magic
 + Level 1.2 Ice Magic
 + Level 1.2 Air Magic
 + Level 1.2 Earth Magic
 + Level 1.2 Poison Magic
 + Level 1.8 Invocations
 + Level 1.6 Evocations


You had 3 spell levels left.
You knew the following spells:

 Your Spells              Type           Power        Failure   Level  Hunger
g - Shroud of Golubria    Chrm/Tloc      ###.......   7%          2    #......
i - Infusion              Chrm           ###.         1%          1    None
r - Regeneration          Chrm/Necr      ###.......   14%         3    ###....
w - Spectral Weapon       Hex/Chrm       ###.....     14%         3    ###....
y - Song of Slaying       Chrm           ###.....     2%          2    #......


Dungeon Overview and Level Annotations

Branches:
Dungeon (6/15)             Temple (1/1) D:5

Altars:
Ashenzari
Dithmenos
Elyvilon
Fedhas
Gozag
Hepliaklqana
Kikubaaqudgha
Makhleb
Nemelex Xobeh
Okawaru
Qazlal
Ru
Sif Muna
Uskayaw
Vehumet
Wu Jian
Xom
The Shining One

Annotations:
D:3 tidbits's ghost, amateur GnEn


Innate Abilities, Weirdness & Mutations

Your experience applies equally to all skills.
You have very sharp teeth.
Your uncanny sense of smell can sniff out nearby items.


Message History

an amethyst potion; a hound corpse
s - an amethyst potion You see here a ration.
d - 8 rations (gained 1)
Your spectral weapon fades away.
You see here a book of Maledictions.
t - a book of Maledictions
Okay, then.
Your song is almost over.
The goblin shouts!
A giant cockroach comes into view.
There is a stone staircase leading down here.
You climb downwards.
A worker ant comes into view.
Your song has ended.
The worker ant twitches its antennae in your direction.
The worker ant misses you.
There is a stone staircase leading up here.
Casting: Song of Slaying
Confirm with . or Enter, or press ? or * to list all spells.
You miscast Spectral Weapon.
You are very lightly contaminated with residual magic.
You hear an indistinct dissonance whispering inside your mind.
The worker ant bites you but does no damage.
Casting: Spectral Weapon
Confirm with . or Enter, or press ? or * to list all spells.
You draw out your weapon's spirit!
The worker ant bites you. The worker ant misses you.
You hit the worker ant.
The worker ant is lightly wounded.
Your spectral weapon hits the worker ant!
The worker ant bites your spectral weapon.
Your spectral weapon shares its damage with you!
You hit the worker ant.
You bite the worker ant, but do no damage.
The worker ant is almost dead.
Your spectral weapon hits the worker ant.
You kill the worker ant!
Found an escape hatch in the floor.
Found a hand axe.
There is an escape hatch in the floor here.
You slide downwards.
The hatch slams shut behind you.
Your summoned ally is left behind.
Your spectral weapon fades away.
You hear the hiss of flowing sand.
There is an entrance to an ossuary on this level.
Hurry and find it before the portal is buried!
Found a leather armour.
Unknown command.
You open the door.
Your magical contamination has completely faded away.
There is an open door here.
You open the door. You open the door.
A quokka zombie comes into view.
Found a stone staircase leading down.
Casting: Spectral Weapon
Confirm with . or Enter, or press ? or * to list all spells.
You draw out your weapon's spirit!
You are feeling hungry.
You barely miss the quokka zombie. You bite the quokka zombie.
The quokka zombie is lightly damaged.
Your spectral weapon hits the quokka zombie!
You destroy the quokka zombie!
There is an open door here.
There is a stone staircase leading down here.
You climb downwards.
Your summoned ally is left behind.
Your spectral weapon fades away.
Found 35 gold pieces and a ration.
There is a stone staircase leading up here.
Unknown command.
You climb upwards.
You hear the hiss of flowing sand.
There is an entrance to an ossuary on this level.
Hurry and find it before the portal is buried!
There is a stone staircase leading down here.
Found a ration.
You see here a ration.
d - 9 rations (gained 1)
Found 14 bolts.
Found 8 stones.
You open the door.
Found a staircase to the Ecumenical Temple.
There is an open door here.
There is a fountain of clear blue water here.
There is a staircase to the Ecumenical Temple here.
You climb downwards.
Welcome to the Ecumenical Temple!
Found four altars.
There is a staircase back to the Dungeon here.
Found a sparkling altar of Nemelex Xobeh.
Found a shadowy altar of Dithmenos.
Found a deep blue altar of Sif Muna.
Found an iron altar of Okawaru.
Found a shattered altar of Ashenzari.
Found a sacrificial altar of Ru.
Found a glowing golden altar of the Shining One.
Found a burning altar of Makhleb.
Found a radiant altar of Vehumet.
Found an opulent altar of Gozag.
Found a white marble altar of Elyvilon.
Found a blossoming altar of Fedhas.
Are you sure you want to abandon this character and quit the game? (Confirm with "yes".)

##....#........#....#.....
##..#...#..#....#...#...#..
#..#.#...#..#....#.#...#.#.
#..#...#...#..._...#...#...#
#.#.._..#...#.....#.<.#.....
#..#...#.....#...#...#..._..
##..#.#...#...#.#...#.#....#
##..#...#.#...#...#...#....
##....#..@#.....#....#....
##..#.._..#.8.#..._...8..
##..#...#..#..#........#
##..#.#..###..#..#....#
##..#..## ##..#..#.... ##.
.## ##..#..._.. ## #
##..#..... ##..#...#
##..#.#.


There were no monsters in sight!

Vanquished Creatures
  A hound (D:3)
  An orc priest (D:3)
  An orc wizard (D:3)
  2 worker ants (D:4)
  A gnoll (D:1)
  An adder (D:4)
  A worm (D:2)
  2 dart slugs
  3 leopard geckos
  3 orcs (D:3)
  2 giant cockroaches
  A goblin (D:2)
  5 hobgoblins
  3 jackals (D:4)
  A kobold (D:3)
  A quokka (D:2)
  4 bats
  A frilled lizard (D:3)
  A jackal skeleton (D:4)
  A quokka zombie (D:5)
  2 rats (D:2)
38 creatures vanquished.

Notes
Turn   | Place    | Note
-------+----------+-------------------------------------------
     0 | D:1      | tidbits the Gnoll Skald began the quest for the Orb.
     0 | D:1      | Reached XP level 1. HP: 20/20 MP: 6/6
    31 | D:1      | Reached XP level 2. HP: 19/26 MP: 0/7
   126 | D:1      | Reached XP level 3. HP: 23/31 MP: 3/9
   210 | D:2      | Reached skill level 5 in Spellcasting
   247 | D:2      | Learned a level 2 spell: Song of Slaying
   250 | D:2      | Learned a level 2 spell: Shroud of Golubria
   254 | D:2      | Learned a level 3 spell: Regeneration
   258 | D:2      | Learned a level 3 spell: Spectral Weapon
   283 | D:3      | Found a stormy altar of Qazlal.
   345 | D:3      | Reached skill level 1 in Short Blades
   345 | D:3      | Reached skill level 1 in Long Blades
   345 | D:3      | Reached skill level 1 in Maces & Flails
   345 | D:3      | Reached skill level 1 in Polearms
   345 | D:3      | Reached skill level 1 in Staves
   345 | D:3      | Reached skill level 1 in Slings
   345 | D:3      | Reached skill level 1 in Bows
   345 | D:3      | Reached skill level 1 in Crossbows
   345 | D:3      | Reached skill level 1 in Throwing
   345 | D:3      | Reached skill level 1 in Stealth
   345 | D:3      | Reached skill level 1 in Shields
   345 | D:3      | Reached skill level 1 in Unarmed Combat
   345 | D:3      | Reached skill level 1 in Invocations
   345 | D:3      | Reached skill level 1 in Evocations
   345 | D:3      | Reached XP level 4. HP: 7/38 MP: 6/11
   347 | D:3      | HP: 3/38 [kobold (2)]
   353 | D:3      | Reached skill level 1 in Conjurations
   353 | D:3      | Reached skill level 1 in Hexes
   353 | D:3      | Reached skill level 1 in Summonings
   353 | D:3      | Reached skill level 1 in Necromancy
   353 | D:3      | Reached skill level 1 in Translocations
   353 | D:3      | Reached skill level 1 in Transmutations
   353 | D:3      | Reached skill level 1 in Fire Magic
   353 | D:3      | Reached skill level 1 in Ice Magic
   353 | D:3      | Reached skill level 1 in Air Magic
   353 | D:3      | Reached skill level 1 in Earth Magic
   353 | D:3      | Reached skill level 1 in Poison Magic
   376 | D:3      | Noticed tidbits's ghost (amateur GnEn)
   557 | D:3      | You fall through a shaft!
   570 | D:4      | Reached XP level 5. HP: 43/43 MP: 5/12
   614 | D:4      | Found an ornate altar of the Wu Jian Council.
   711 | D:3      | Reached skill level 3 in Armour
   755 | D:5      | Entered Level 5 of the Dungeon
   793 | D:5      | Found a staircase to the Ecumenical Temple.
   799 | Temple   | Entered the Ecumenical Temple
   863 | Temple   | Quit the game

Skill      XL: |  1  2  3  4  5 |
---------------+----------------+-----
Spellcasting   | 5 |  5.2
Short Blades   | 1 |  1.6
Long Blades    | 1 |  1.6
Maces & Flails | 1 |  1.6
Polearms       | 1 |  1.6
Staves         | 1 |  1.6
Slings         | 1 |  1.6
Bows           | 1 |  1.6
Crossbows      | 1 |  1.6
Throwing       | 1 |  1.6
Stealth        | 1 |  1.6
Shields        | 1 |  1.6
Unarmed Combat | 1 |  1.6
Invocations    | 1 |  1.8
Evocations     | 1 |  1.6
Conjurations   | 1 |  1.2
Hexes          | 1 |  1.2
Summonings     | 1 |  1.2
Necromancy     | 1 |  1.2
Translocations | 1 |  1.2
Transmutations | 1 |  1.2
Fire Magic     | 1 |  1.2
Ice Magic      | 1 |  1.2
Air Magic      | 1 |  1.2
Earth Magic    | 1 |  1.2
Poison Magic   | 1 |  1.2
Armour         | 3 |  3.0
Fighting       | |  4.8
Axes           | |  4.8
Dodging        | |  4.8
Charms         | |  5.5

Action                   |  1- 3 |  4- 6 || total
-------------------------+-------+-------++-------
Melee: Hand axe          |    38 |    46 ||    84
       Bite              |     5 |     7 ||    12
 Cast: Infusion          |     4 |       ||     4
       Spectral Weapon   |     1 |     6 ||     7
       Song of Slaying   |     1 |     2 ||     3
       Shroud of Golubri |       |     2 ||     2
       Regeneration      |       |     1 ||     1
  Use: Potion            |     1 |     2 ||     3
       Scroll            |       |     1 ||     1
Armor: Leather armour    |     5 |    10 ||    15
Dodge: Dodged            |    24 |    36 ||    60

Table legend:
 A = Turns spent in this place as a percentage of turns spent in the entire game.
 B = Non-inter-level travel turns spent in this place as a percentage of non-inter-level travel turns spent in the entire game.
 C = Inter-level travel turns spent in this place as a percentage of turns spent in this place.
 D = Turns resting spent in this place as a percentage of non-inter-level travel turns spent in this place.
 E = Turns spent auto-exploring this place as a percentage of non-inter-level travel turns spent in this place.
 F = Non-inter-level travel turns spent in this place divided by the number of levels of this place that you've seen.
                   A       B       C       D       E      F
               +-------+-------+-------+-------+-------+----------------------
         Total | 100.0 | 100.0 |   2.4 |   0.0 |   0.0 | 120.3
       Dungeon |  92.6 |  92.4 |   2.6 |   0.0 |   0.0 | 129.7
        Temple |   7.4 |   7.6 |   0.0 |   0.0 |   0.0 |  64.0
               +-------+-------+-------+-------+-------+----------------------

Table legend:
 A = Kills in this place as a percentage of kills in entire the game.
 B = Kills by you in this place as a percentage of kills by you in the entire game.
 C = Kills by friends in this place as a percentage of kills by friends in the entire game.
 D = Other kills in this place as a percentage of other kills in the entire game.
 E = Experience gained in this place as a percentage of experience gained in the entire game.
 F = Experience gained in this place divided by the number of levels of this place that you have seen.
                   A       B       C       D       E      F
               +-------+-------+-------+-------+-------+----------------------
         Total | 100.0 | 100.0 |   N/A |   N/A | 100.0 |  41.1
       Dungeon | 100.0 | 100.0 |   N/A |   N/A | 100.0 |  48.0
               +-------+-------+-------+-------+-------+----------------------

Vault maps used:
D:1:      elethiomel_arrival_quiet
D:3:      first_ration, nicolae_qazlal_eye_of_the_storm
D:4:      nicolae_overflow_crystal_walls
D:5:      minmay_temple_entry_hall, enter_ossuary_4, serial_shops,
          nicolae_shop_trees, kennysheep_generic_room_7
D:6:      gammafunk_temple_overflow_claw, serial_curves, eino_curves_03,
          eino_curves_02
Temple:   eino_temple_rhombus
